3L
BROOKLYN DODGERS @ LONG ISLAND LIGHTHOUSE
10/06/2041
 
TOP OF THE 1ST
Brooklyn Dodgers batting - Pitching for Long Island Lighthouse : RHP Valentin Calhamar
Pitching: RHP Valentin Calhamar
Batting: SHB Koryusai Ohayashi 0-0: Called Strike
0-1: Ball
1-1: Called Strike
1-2: Fly out, F7 (Flyball, 7, EV 73.8 MPH)
Batting: SHB Fa-hsien Tze 0-0: Ball
1-0: Fly out, F7 (Flyball, 7D, EV 98.8 MPH)
Batting: LHB Tony Wonder 0-0: Called Strike
0-1: SINGLE (Line Drive, 8LS, EV 93.1 MPH)
Batting: RHB Bill Chaundler 0-0: Ball
1-0: Ball
2-0: Swinging Strike
2-1: Called Strike
2-2: Strikes out swinging
Top of the 1st over - 0 runs, 1 hit, 0 errors, 1 left on base; Brooklyn 0 - Long Island 0
BOTTOM OF THE 1ST
Long Island Lighthouse batting - Pitching for Brooklyn Dodgers : RHP Maverick Handley
Pitching: RHP Maverick Handley
Batting: RHB Eugene Bennett 0-0: Ball
1-0: Called Strike
1-1: Swinging Strike
1-2: Strikes out swinging
Batting: RHB Mark Toope 0-0: Called Strike
0-1: Ball
1-1: Foul Ball, location: 2F
1-2: Ball
2-2: Foul Ball, location: 2F
2-2: Ball
3-2: Base on Balls
Batting: RHB Jonas van Claveren 0-0: Called Strike
0-1: Foul Ball, location: 2F
0-2: Ball
1-2: Ball
Wild Pitch!
Mark Toope to second
2-2: Ground out U3 (Groundball, 34, EV 100.6 MPH)
Mark Toope to third
Batting: RHB Oliver Villalva 0-0: Called Strike
0-1: Ball
1-1: Foul Ball, location: 2F
1-2: Ball
2-2: Ball
3-2: SINGLE (Flyball, 78S, EV 91.9 MPH)
Mark Toope scores
Batting: SHB Vicente Romero 0-0: Ball
Oliver Villalva steals 2nd base
1-0: DOUBLE (Line Drive, 89D, EV 105.6 MPH)
Oliver Villalva scores
Batting: RHB Carlos Mendoza 0-0: Ball
1-0: Called Strike
1-1: Ball
2-1: Swinging Strike
2-2: Fly out, F7 (Flyball, 7, EV 88.8 MPH)
Bottom of the 1st over - 2 runs, 2 hits, 0 errors, 1 left on base; Brooklyn 0 - Long Island 2
TOP OF THE 2ND
Brooklyn Dodgers batting - Pitching for Long Island Lighthouse : RHP Valentin Calhamar
Batting: LHB Richello Mabait 0-0: Foul Ball, location: 2F
0-1: Foul Ball, location: 2F
0-2: Ball
1-2: Ball
2-2: Fly out, F6 (Flyball, 56D, EV 83.8 MPH)
Batting: RHB Carlos Muńóz 0-0: Ball
1-0: Called Strike
1-1: Foul Ball, location: 2F
1-2: Foul Ball, location: 2F
1-2: Ball
2-2: Ground out 6-3 (Groundball, 6, EV 85.6 MPH)
Batting: LHB Aaron Day 0-0: Called Strike
0-1: Ball
1-1: Called Strike
1-2: Ball
2-2: Strikes out swinging
Top of the 2nd over - 0 runs, 0 hits, 0 errors, 0 left on base; Brooklyn 0 - Long Island 2
BOTTOM OF THE 2ND
Long Island Lighthouse batting - Pitching for Brooklyn Dodgers : RHP Maverick Handley
Batting: RHB Quan Easterling 0-0: Called Strike
0-1: Ball
1-1: DOUBLE (Line Drive, 7LM, EV 101.9 MPH)
Batting: RHB Alberto Ramírez 0-0: Fly out, F7 (Line Drive, 7D, EV 92.5 MPH)
Batting: RHB Nathan Pruitt 0-0: Ground out 6-3 (Groundball, 6D, EV 97.5 MPH)
Batting: RHB Eugene Bennett 0-0: Ball
1-0: Swinging Strike
1-1: Fly out, F8 (Flyball, 8LD, EV 85.0 MPH)
Bottom of the 2nd over - 0 runs, 1 hit, 0 errors, 1 left on base; Brooklyn 0 - Long Island 2
TOP OF THE 3RD
Brooklyn Dodgers batting - Pitching for Long Island Lighthouse : RHP Valentin Calhamar
Batting: RHB Steve Pugh 0-0: Foul Ball, location: 2F
0-1: Ground out 1-3 (Groundball, 15S, EV 61.2 MPH)
Batting: RHB Fytor Ceia 0-0: DOUBLE (Groundball, 5L, EV 101.2 MPH)
Batting: SHB Koryusai Ohayashi 0-0: Foul Ball, location: 2F
0-1: Foul Ball, location: 2F
0-2: Foul Ball, location: 2F
0-2: Strikes out swinging
Batting: SHB Fa-hsien Tze 0-0: Ground out 5-3 (Groundball, 56, EV 105.6 MPH)
Top of the 3rd over - 0 runs, 1 hit, 0 errors, 1 left on base; Brooklyn 0 - Long Island 2
BOTTOM OF THE 3RD
Long Island Lighthouse batting - Pitching for Brooklyn Dodgers : RHP Maverick Handley
Batting: RHB Mark Toope 0-0: Ball
1-0: Ball
2-0: Called Strike
2-1: DOUBLE (Line Drive, 9LM, EV 105.0 MPH)
Batting: RHB Jonas van Claveren 0-0: Ball
1-0: Called Strike
1-1: Foul Ball, location: 2F
1-2: Foul Ball, location: 2F
1-2: SINGLE (Line Drive, 78S, EV 93.8 MPH)
Mark Toope to third
Runner from 3rd tries for Home, SAFE, no throw by LF
Batting: RHB Oliver Villalva 0-0: Called Strike
0-1: Called Strike
Jonas van Claveren steals 2nd base
0-2: Ball
1-2: Foul Ball, location: 2F
1-2: Foul Ball, location: 2F
1-2: Ground out 2-3 (Groundball, 2L, EV 69.4 MPH)
Jonas van Claveren to third
Batting: SHB Vicente Romero 0-0: Ball
1-0: Swinging Strike
1-1: Fly out, F9 (Flyball, 9D, EV 105.0 MPH)
Runner from 3rd tags up, SCORES, no throw by RF
Batting: RHB Carlos Mendoza 0-0: Called Strike
0-1: Ball
1-1: Foul Ball, location: 2F
1-2: Ball
2-2: Ball
3-2: Fly out, F7 (Flyball, 7, EV 99.4 MPH)
Bottom of the 3rd over - 2 runs, 2 hits, 0 errors, 0 left on base; Brooklyn 0 - Long Island 4
TOP OF THE 4TH
Brooklyn Dodgers batting - Pitching for Long Island Lighthouse : RHP Valentin Calhamar
Batting: LHB Tony Wonder 0-0: Called Strike
0-1: Called Strike
0-2: Strikes out swinging
Batting: RHB Bill Chaundler 0-0: Ground out 1-3 (Groundball, 34S, EV 84.4 MPH)
Batting: LHB Richello Mabait 0-0: Ball
1-0: Ball
2-0: Foul Ball, location: 2F
2-1: Called Strike
2-2: Strikes out looking
Top of the 4th over - 0 runs, 0 hits, 0 errors, 0 left on base; Brooklyn 0 - Long Island 4
BOTTOM OF THE 4TH
Long Island Lighthouse batting - Pitching for Brooklyn Dodgers : RHP Maverick Handley
Batting: RHB Quan Easterling 0-0: Ball
1-0: Ball
2-0: Fly out, F2 (Popup, 23F, EV 75.6 MPH)
Batting: RHB Alberto Ramírez 0-0: Called Strike
0-1: DOUBLE (Line Drive, 8RD, EV 105.0 MPH)
Batting: RHB Nathan Pruitt 0-0: Ball
Alberto Ramírez steals 3rd base
1-0: Ball
Wild Pitch!
Alberto Ramírez scores
2-0: Called Strike
2-1: Fly out, F7 (Flyball, 78M, EV 96.9 MPH)
Batting: RHB Eugene Bennett 0-0: Ball
1-0: Foul Ball, location: 2F
1-1: Swinging Strike
1-2: Foul Ball, location: 2F
1-2: Ball
2-2: TRIPLE (Flyball, 89XD, EV 100.0 MPH)
Pitching: RHP Ramón Granados
Batting: RHB Mark Toope 0-0: Ball
1-0: Ball
2-0: Fly out, F9 (Flyball, 9LS, EV 86.9 MPH)
Bottom of the 4th over - 1 run, 2 hits, 0 errors, 1 left on base; Brooklyn 0 - Long Island 5
TOP OF THE 5TH
Brooklyn Dodgers batting - Pitching for Long Island Lighthouse : RHP Valentin Calhamar
Batting: RHB Carlos Muńóz 0-0: Ball
1-0: Called Strike
1-1: Foul Ball, location: 2F
1-2: Ball
2-2: Ball
3-2: Foul Ball, location: 2F
3-2: Foul Ball, location: 2F
3-2: Fly out, F9 (Flyball, 9LSF, EV 86.9 MPH)
Batting: LHB Aaron Day 0-0: Ball
1-0: Ball
2-0: Called Strike
2-1: DOUBLE (Line Drive, 3D, EV 98.8 MPH)
Batting: RHB Steve Pugh 0-0: Foul Ball, location: 2F
0-1: Foul Ball, location: 2F
0-2: Ball
1-2: Ball
2-2: Ball
3-2: Strikes out swinging
Batting: RHB Fytor Ceia 0-0: Called Strike
0-1: Ball
1-1: Ball
2-1: Ball
3-1: 2-RUN HOME RUN (Flyball, 78XD, EV 101.2 MPH), Distance : 422 ft
Batting: SHB Koryusai Ohayashi 0-0: Fly out, F9 (Flyball, 9, EV 80.0 MPH)
Top of the 5th over - 2 runs, 2 hits, 0 errors, 0 left on base; Brooklyn 2 - Long Island 5
BOTTOM OF THE 5TH
Long Island Lighthouse batting - Pitching for Brooklyn Dodgers : RHP Ramón Granados
Batting: RHB Jonas van Claveren 0-0: Ball
1-0: Ball
2-0: Ball
3-0: Called Strike
3-1: Base on Balls
Batting: RHB Oliver Villalva 0-0: Ball
Jonas van Claveren steals 2nd base
1-0: Ball
2-0: Ball
3-0: Called Strike
3-1: 2-RUN HOME RUN (Flyball, 7LD, EV 93.1 MPH), Distance : 349 ft
Batting: SHB Vicente Romero 0-0: Ball
1-0: Ground out U3 (Groundball, 34, EV 76.9 MPH)
Batting: RHB Carlos Mendoza 0-0: Called Strike
0-1: Foul Ball, location: 2F
0-2: Ball
1-2: Ball
2-2: Foul Ball, location: 2F
2-2: Ball
3-2: Foul Ball, location: 2F
3-2: Base on Balls
Batting: RHB Quan Easterling 0-0: Foul Ball, location: 2F
0-1: Ball
1-1: Ball
2-1: Foul Ball, location: 2F
2-2: Strikes out swinging
Batting: RHB Alberto Ramírez 0-0: Ground out 3-1 (Groundball, 34S, EV 70.6 MPH)
Bottom of the 5th over - 2 runs, 1 hit, 0 errors, 1 left on base; Brooklyn 2 - Long Island 7
TOP OF THE 6TH
Brooklyn Dodgers batting - Pitching for Long Island Lighthouse : RHP Valentin Calhamar
Batting: SHB Fa-hsien Tze 0-0: Ball
1-0: Ground out U3 (Groundball, 3L, EV 88.1 MPH)
Batting: LHB Tony Wonder 0-0: Ball
1-0: Ground out 4-3 (Groundball, 4, EV 83.8 MPH)
Batting: RHB Bill Chaundler 0-0: Called Strike
0-1: Ball
1-1: Foul Ball, location: 2F
1-2: Strikes out swinging
Top of the 6th over - 0 runs, 0 hits, 0 errors, 0 left on base; Brooklyn 2 - Long Island 7
BOTTOM OF THE 6TH
Long Island Lighthouse batting - Pitching for Brooklyn Dodgers : RHP Ramón Granados
Batting: RHB Nathan Pruitt 0-0: Ball
1-0: Ball
2-0: Foul Ball, location: 2F
2-1: Ball
3-1: Base on Balls
Pitching: RHP Corbin Holling
Batting: RHB Eugene Bennett 0-0: Ball
1-0: Ball
2-0: Swinging Strike
2-1: Foul Ball, location: 2F
2-2: Ball
3-2: Foul Ball, location: 2F
3-2: Base on Balls
Nathan Pruitt to second
Batting: RHB Mark Toope 0-0: Sac Bunt to 2R - play at first, batter OUT! 2-3
Nathan Pruitt to third
Eugene Bennett to second
Batting: RHB Jonas van Claveren 0-0: Ball
1-0: Foul Ball, location: 2F
1-1: SINGLE (Groundball, 4D, EV 105.0 MPH)
Nathan Pruitt scores
Eugene Bennett to third
Runner from 3rd tries for Home, SAFE, throw by CF to home
Batting: RHB Oliver Villalva 0-0: Ball
1-0: Ball
2-0: Swinging Strike
2-1: Ball
3-1: Called Strike
3-2: SINGLE (Groundball, 56D, EV 107.5 MPH)
Jonas van Claveren to second
Batting: SHB Vicente Romero 0-0: Called Strike
0-1: Called Strike
0-2: Strikes out swinging
Batting: RHB Carlos Mendoza 0-0: Ball
1-0: DOUBLE (Flyball, 8LXD, EV 101.9 MPH)
Jonas van Claveren scores
Oliver Villalva to third
Runner from 3rd tries for Home, SAFE, throw by CF to trailing runner, SAFE at third!
Batting: RHB Quan Easterling 0-0: Foul Ball, location: 2F
0-1: Called Strike
0-2: Ball
1-2: Strikes out looking
Bottom of the 6th over - 4 runs, 3 hits, 0 errors, 1 left on base; Brooklyn 2 - Long Island 11
TOP OF THE 7TH
Brooklyn Dodgers batting - Pitching for Long Island Lighthouse : RHP Valentin Calhamar
Batting: LHB Richello Mabait 0-0: Ball
1-0: Ball
2-0: Fly out, F9 (Flyball, 89M, EV 89.4 MPH)
Batting: RHB Carlos Muńóz 0-0: Foul Ball, location: 2F
0-1: Ball
1-1: Ground out 4-3 (Groundball, 4M, EV 92.5 MPH)
Batting: LHB Aaron Day 0-0: Swinging Strike
0-1: Called Strike
0-2: Foul Ball, location: 2F
0-2: Ball
1-2: Foul Ball, location: 2F
1-2: Strikes out looking
Top of the 7th over - 0 runs, 0 hits, 0 errors, 0 left on base; Brooklyn 2 - Long Island 11
BOTTOM OF THE 7TH
Long Island Lighthouse batting - Pitching for Brooklyn Dodgers : RHP Corbin Holling
Batting: RHB Alberto Ramírez 0-0: Ball
1-0: Foul Ball, location: 2F
1-1: Foul Ball, location: 2F
1-2: Ball
2-2: Strikes out swinging
Batting: RHB Nathan Pruitt 0-0: Ball
1-0: Ball
2-0: Foul Ball, location: 2F
2-1: Ball
3-1: Base on Balls
Batting: RHB Eugene Bennett 0-0: Called Strike
0-1: Ball
1-1: SINGLE (Groundball, 56D, EV 95.0 MPH)
Nathan Pruitt to second
Pitching: LHP Elisheba Petershwim
Batting: RHB Mark Toope 0-0: Swinging Strike
0-1: Ball
1-1: Foul Ball, location: 2F
1-2: Ball
2-2: Ball
3-2: Reached on error, E4 (Groundball, 4, EV 100.6 MPH)
Nathan Pruitt to third
Eugene Bennett to second
Batting: RHB Jonas van Claveren 0-0: Ball
1-0: Foul Ball, location: 2F
1-1: Ball
2-1: Called Strike
2-2: Ball
3-2: DOUBLE (Groundball, 3L, EV 106.2 MPH)
Nathan Pruitt scores
Eugene Bennett scores
Mark Toope to third
Runner from 3rd tries for Home, SAFE, throw by RF to home
Batting: RHB Oliver Villalva 0-0: Ball
1-0: Fly out, F1 (Line Drive, P, EV 64.4 MPH)
Batting: SHB Vicente Romero 0-0: Ball
1-0: Called Strike
1-1: Ball
Wild Pitch!
Jonas van Claveren to third
2-1: Swinging Strike
2-2: Fly out, F3 (Popup, 3F, EV 75.0 MPH)
Bottom of the 7th over - 3 runs, 2 hits, 1 error, 1 left on base; Brooklyn 2 - Long Island 14
TOP OF THE 8TH
Brooklyn Dodgers batting - Pitching for Long Island Lighthouse : RHP Valentin Calhamar
Batting: RHB Steve Pugh 0-0: Ball
1-0: Foul Ball, location: 2F
1-1: Called Strike
1-2: Ball
2-2: Strikes out swinging
Batting: RHB Fytor Ceia 0-0: Foul Ball, location: 2F
0-1: Fly out, F7 (Flyball, 7D, EV 102.5 MPH)
Pinch Hitting: LHB Ronald Lithgoe 0-0: Foul Ball, location: 2F
0-1: Ball
1-1: Called Strike
1-2: Ball
2-2: Foul Ball, location: 2F
2-2: Fly out, F9 (Flyball, 9D, EV 93.8 MPH)
Top of the 8th over - 0 runs, 0 hits, 0 errors, 0 left on base; Brooklyn 2 - Long Island 14
BOTTOM OF THE 8TH
Long Island Lighthouse batting - Pitching for Brooklyn Dodgers : LHP Elisheba Petershwim
Now at SS: Ronald Lithgoe
Pinch Hitting: RHB Paco González 0-0: Ball
1-0: Swinging Strike
1-1: Foul Ball, location: 2F
1-2: Ground out 5-3 (Groundball, 56, EV 101.2 MPH)
Batting: RHB Quan Easterling 0-0: Ball
1-0: Foul Ball, location: 2F
1-1: Swinging Strike
1-2: Foul Ball, location: 2F
1-2: Strikes out looking
Batting: RHB Alberto Ramírez 0-0: Ball
1-0: Ground out 5-3 (Groundball, 56S, EV 86.9 MPH)
Bottom of the 8th over - 0 runs, 0 hits, 0 errors, 0 left on base; Brooklyn 2 - Long Island 14
TOP OF THE 9TH
Brooklyn Dodgers batting - Pitching for Long Island Lighthouse : RHP Valentin Calhamar
Now at SS: Paco González
Pinch Hitting: LHB Huibrecht Bloemheuvel 0-0: Ball
1-0: Ball
2-0: Called Strike
2-1: Ball
3-1: Swinging Strike
3-2: Strikes out swinging
Pinch Hitting: RHB Quindarious Monday 0-0: Called Strike
0-1: Called Strike
0-2: Foul Ball, location: 2F
0-2: Hit by Pitch
Pitching: RHP Juriaan Roos
Pinch Runner at 1st Jung-joon Yi:
Batting: RHB Bill Chaundler 0-0: Foul Ball, location: 2F
0-1: Ball
1-1: Ball
2-1: Swinging Strike
2-2: Ball
3-2: Strikes out looking
Batting: LHB Richello Mabait 0-0: Called Strike
0-1: Ball
1-1: Foul Ball, location: 2F
1-2: SINGLE (Line Drive, 6MD, EV 96.9 MPH)
Jung-joon Yi to second
Batting: RHB Carlos Muńóz 0-0: Fly out, F7 (Flyball, 7S, EV 87.5 MPH)
Top of the 9th over - 0 runs, 1 hit, 0 errors, 2 left on base; Brooklyn 2 - Long Island 14
Tuesday, January 5th, 2021 - OOTP Baseball 20.8 Build 74